 Dungeon Crawl Stone Soup version 0.31-a0-506-g3d79149578 (webtiles) character file.

Game seed: 6680528161287688959

3519 GordonOverkill the Sneak (level 10, -3/82 (94) HPs)
             Began as an Octopode Delver on Aug 9, 2023.
             Killed by divine providence
             ... invoked by Jeremiah
              (11 damage)
             ... on level 8 of the Dungeon.
             The game lasted 00:33:06 (9828 turns).

GordonOverkill the Sneak (Octopode Delver)          Turns: 9828, Time: 00:33:07

HP:   -3/82 (94)    AC: 32    Str: 11    XL:     10   Next: 8%
MP:   18/19         EV:  2    Int: 16    God:
Gold: 332           SH:  0    Dex: 15    Spells: 11/21 levels left

rFire   + . .        d - +2 dagger (speed)
rCold   + . .        (no shield)
rNeg    . . .        (helmet currently unavailable)
rPois   +            e - amulet of regeneration
rElec   +            (no ring)
rCorr   +            (no ring)
SInv    .            (no ring)
Will    .....        (no ring)
Stlth   +++          (no ring)
HPRegen 1.13/turn    (no ring)
MPRegen 0.16/turn    (no ring)
                     (no ring)

%: no passive effects
@: mighty, brilliant, ice-armoured, tree-form, resistant, heavily drained,
invisible
A: stationary, stasis, torment immunity, boosted hp, almost no armour,
(amphibious), 8 rings, (camouflage 1), (gelatinous body 1), (nimble swimmer 1),
(tentacles), MP-powered wands
a: no special abilities


You were on level 8 of the Dungeon.
You were a tree.
You visited 2 branches of the dungeon, and saw 12 of its levels.
You also visited: Sewer.

You collected 332 gold pieces.

Inventory:

Hand Weapons
 d - a +2 dagger of speed (weapon)
 m - a +0 rapier of venom
Missiles
 a - 32 poisoned darts (quivered)
 f - 2 boomerangs
Jewellery
 e - an amulet of regeneration (around neck)
Wands
 b - a wand of polymorph (7)
 k - a wand of flame (5)
Scrolls
 c - 2 scrolls of revelation
 l - a scroll of fog
 p - 2 scrolls of torment {unknown}
 s - a scroll of silence {unknown}
 w - a scroll of enchant weapon {unknown}
 y - 2 scrolls of blinking {unknown}
 B - a scroll of butterflies {unknown}
Potions
 g - a potion of enlightenment
 q - 4 potions of mutation
 t - 2 potions of might
 u - a potion of invisibility
 v - 2 potions of magic


   Skills:
 - Level 3.0 Fighting
 - Level 5.0 Short Blades
 - Level 1.0 Throwing
 - Level 2.0 Dodging
 - Level 6.6 Stealth
 + Level 6.2 Spellcasting
 + Level 6.3 Conjurations
 + Level 6.3 Ice Magic
 + Level 6.3 Air Magic


You had 11 spell levels left.
You knew the following spells:

 Your Spells              Type           Power      Damage    Failure   Level
a - Ozocubu's Armour      Ice            38%        N/A       3%          3
b - Freezing Cloud        Conj/Ice/Air   18%        6-21      28%         5
c - Passwall              Tmut/Erth      5%         N/A       21%         2

Your spell library contained the following spells:

 Spells                   Type           Power      Damage    Failure   Level
 Magic Dart               Conj           100%       1d8       1%          1
 Shock                    Conj/Air       100%       1d9       1%          1
 Poisonous Vapours        Pois/Air       44%        N/A       5%          2
 Mephitic Cloud           Conj/Pois/Air  27%        N/A       7%          3
 Cigotuvi's Dreadful Rot  Necr/Pois/Air  34%        N/A       9%          2
 Stone Arrow              Conj/Erth      44%        3d9       11%         3
 Vhi's Electric Charge    Tloc/Air       44%        N/A       11%         3
 Necrotise                Necr           28%        1d5       14%         1
 Sandblast                Erth           14%        2d6       14%         1
 Sting                    Tmut/Pois      28%        1d4       14%         1
 Blink                    Tloc           14%        N/A       21%         2
 Call Imp                 Summ           14%        N/A       21%         2
 Arcjolt                  Conj/Air       18%        1d28      28%         5
 Vampiric Draining        Necr           7%         2d6       38%         3
 Metabolic Englaciation   Hex/Ice        11%        N/A       71%         5
 Dispel Undead            Necr           7%         3d8       80%         4
 Manifold Assault         Tloc           7%         N/A       80%         4
 Agony                    Necr           7%         N/A       98%         5
 Plasma Beam              Fire/Air       11%        2x1d22    99%         6
 Simulacrum               Ice/Necr       11%        N/A       99%         6
 Death Channel            Necr           3%         N/A       100%        6


Dungeon Overview and Level Annotations

Branches:
Dungeon (11/15)            Temple (1/1) D:7           Sewer (visited)
   Lair: D:8-11         Orc: D:9-12

Altars:
Ashenzari
Cheibriados
Dithmenos
Elyvilon
Fedhas
Gozag
Hepliaklqana
Kikubaaqudgha
Makhleb
Nemelex Xobeh
Okawaru
Qazlal
Ru
Sif Muna
Trog
Uskayaw
Wu Jian
Xom
Yredelemnul
Zin
The Shining One

Shops:
D:3 (

Annotations:
D:8 Jeremiah


Innate Abilities, Weirdness & Mutations

You are a tree.
Your roots penetrate the ground, keeping you stationary.
You cannot be teleported.
You are immune to unholy pain and torment.
Your maximum health is greatly increased.
You cannot wear most types of armour.
((You are amphibious.))
You can wear up to eight rings at the same time.
((Your skin changes colour to match your surroundings (Stealth+).))
((Your rubbery body absorbs attacks. (AC +1, EV +1)))
((You are camouflaged when in or above water. (Stealth+)))
((You have tentacles for arms and can constrict up to eight enemies at once.))
You expend magic power (3 MP) to strengthen your wands.


Message History

The wight is almost destroyed.
The water moccasin bites you but does no damage.
You puncture the wight!
You destroy the wight!
The butterfly is engulfed in poison gas.
The butterfly is poisoned.
You kill the butterfly!
The butterfly disappears in a burst of colours!
The butterfly is engulfed in poison gas.
The butterfly is poisoned.
You kill the butterfly!
The butterfly disappears in a burst of colours!
Jeremiah hits you from afar with a +2 glaive of draining.
* * * LOW HITPOINT WARNING * * *
You feel drained.
* * * LOW HITPOINT WARNING * * *
The butterfly is engulfed in poison gas.
The butterfly is poisoned.
You kill the butterfly!
The butterfly disappears in a burst of colours!
As you read the scroll labelled CUS MUES ETH, it crumbles to dust.
It is a scroll of brand weapon.
Your +0 rapier drips with poison.
m - a +0 rapier of venom The butterfly is engulfed in poison gas.
The butterfly is poisoned.
You kill the butterfly!
The butterfly disappears in a burst of colours!
The water moccasin bites you but does no damage.
The butterfly is engulfed in poison gas.
The butterfly is poisoned.
You kill the butterfly!
The butterfly disappears in a burst of colours!
The butterfly is engulfed in poison gas.
The butterfly is poisoned.
You kill the butterfly!
The butterfly disappears in a burst of colours!
Jeremiah cries, "Fearful master, protect me!"
Something smites you!
You die...

..'..................
..#.........§........
#.##..##..###§.##### #
#############'#######.##
# #.......○○.§☼§.... #
#...bb..b.b§...... #
#...b.F..Fo....... #
##..######S###### ###
#♣# #§☼§○§§§§§☼§§§
#☼§§§☼○§☼☼☼.§§
#§§○§§§§○§§☼§§ y
##§○##☼☼######### .. ###
######.##..# ..
#...<...# .#
#....y..##..##(
#.....yy.......


You could see Jeremiah (unable to see you), a water moccasin (unable to see you)
and an orc (unable to see you).

Vanquished Creatures
  Grinder (D:4)
  Sigmund (D:4)
  A wyvern (D:8)
  A steam dragon (D:7)
  Menkaure (D:4)
  A water moccasin (D:5)
  2 ice beasts
  2 black bears (D:5)
  An orc warrior (D:6)
  A sky beast (D:7)
  An ogre (D:6)
  2 centaurs (D:6)
  2 kobold brigands
  2 bullfrogs
  6 scorpions
  A wight (D:8)
  7 killer bees
  6 hounds
  An orc priest (D:8)
  A jelly (D:4)
  3 sleepcaps
  3 iguanas
  3 orc wizards
  Terence (D:2)
  5 gnolls
  15 adders
  5 river rats (Sewer)
  A white imp (D:6)
  2 ufetubi (D:6)
  A worm (D:4)
  3 dart slugs
  26 orcs
  5 endoplasms
  6 giant cockroaches
  3 goblins (D:3)
  12 hobgoblins
  9 quokkas
  15 ball pythons
  2 bats
  8 frilled lizards
  31 kobolds
  31 rats
231 creatures vanquished.

Notes
Turn   | Place    | Note
-------+----------+-------------------------------------------
     0 | D:5      | GordonOverkill the Octopode Delver began the quest for the
                  | Orb.
     0 | D:5      | Reached XP level 1. HP: 16/16 MP: 1/1
    51 | D:6      | Found a shadowy altar of Dithmenos.
    59 | D:6      | Reached XP level 2. HP: 21/21 MP: 2/2
   116 | D:7      | Noticed a scorpion
   121 | D:7      | Killed a scorpion
   122 | D:7      | Reached XP level 3. HP: 26/26 MP: 3/3
   122 | D:7      | Reached XP level 4. HP: 31/31 MP: 4/4
   129 | D:7      | Noticed an ice beast
   143 | D:7      | Killed an ice beast
   144 | D:7      | Reached skill level 5 in Short Blades
   144 | D:7      | Reached skill level 1 in Spellcasting
   144 | D:7      | Reached XP level 5. HP: 21/36 MP: 4/7
   242 | D:6      | Noticed a kobold brigand
   445 | D:9      | Noticed a water moccasin
   464 | D:9      | Noticed a wolf
   503 | D:9      | Noticed a death yak
   507 | D:10     | Entered Level 10 of the Dungeon
   639 | D:11     | Noticed a troll
   654 | D:11     | Noticed an ogre
   655 | D:11     | Noticed an ogre
   730 | D:9      | Noticed a gargoyle
   756 | D:9      | Noticed a yak
   756 | D:9      | Noticed a yak
   756 | D:9      | Noticed a yak
   831 | D:7      | Noticed a steam dragon
  1051 | D:7      | Reached XP level 6. HP: 42/42 MP: 7/9
  1265 | D:6      | Noticed an orc warrior
  1501 | D:6      | Reached skill level 1 in Throwing
  1501 | D:6      | Reached skill level 1 in Conjurations
  1501 | D:6      | Reached skill level 1 in Ice Magic
  1501 | D:6      | Reached skill level 1 in Air Magic
  1533 | D:6      | Noticed an ice beast
  2465 | D:5      | Reached XP level 7. HP: 43/46 MP: 10/10
  2637 | D:4      | Noticed Grinder
  3010 | D:5      | Learned a level 3 spell: Ozocubu's Armour
  3030 | D:5      | Reached XP level 8. HP: 52/52 MP: 5/12
  3402 | D:4      | Noticed Menkaure
  3411 | D:4      | Killed Menkaure
  3442 | D:4      | Noticed Sigmund
  3682 | D:4      | Paralysed by Grinder for 5 turns
  3729 | D:4      | Paralysed by Grinder for 4 turns
  3736 | D:4      | Killed Grinder
  3744 | D:4      | Killed Sigmund
  3745 | D:4      | Reached XP level 9. HP: 56/56 MP: 14/16
  4493 | D:3      | Found Jiabbethiv's Antique Weapon Boutique.
  4538 | D:3      | Reached skill level 5 in Air Magic
  4563 | D:3      | Learned a level 5 spell: Freezing Cloud
  4595 | D:3      | Found a glowing drain.
  4609 | Sewer    | Entered a sewer
  4687 | Sewer    | Reached skill level 5 in Ice Magic
  4793 | Sewer    | Reached skill level 5 in Conjurations
  4844 | Sewer    | Reached skill level 5 in Spellcasting
  5435 | D:3      | Identified the +0 robe "Tonaph" {rPois Str+4 Dex+2}
  6115 | D:2      | Noticed Terence
  6128 | D:2      | Killed Terence
  6620 | D:1      | Found a faded altar of an unknown god.
  7579 | D:6      | Found a shimmering blue altar of Sif Muna.
  7587 | D:6      | Got Sif Muna's Parchment of the Damned
  7589 | D:6      | Got Sif Muna's Spellbook of Clouds
  7591 | D:6      | Got Sif Muna's Precepts of Toxicants
  7683 | D:6      | Found a hazy altar of Hepliaklqana.
  8474 | D:6      | Found a shimmering blue altar of Sif Muna.
  8667 | D:6      | Found a shadowy altar of Dithmenos.
  8786 | D:6      | Found a hazy altar of Hepliaklqana.
  9027 | D:7      | HP: 2/56 [steam dragon/ball of steam (23)]
  9296 | D:7      | Learned a level 2 spell: Passwall
  9383 | D:7      | Found a staircase to the Ecumenical Temple.
  9389 | Temple   | Entered the Ecumenical Temple
  9611 | D:8      | Reached XP level 10. HP: 32/63 MP: 16/19
  9788 | D:8      | Noticed Jeremiah
  9820 | D:8      | Gained mutation: You expend magic power (3 MP) to
                  | strengthen your wands. [potion of mutation]
  9828 | D:8      | Killed from afar by Jeremiah

Illustrated notes

Levels and vault maps discovered:
D:1:      onia_arrival_mini_spirals, layout_basic,
          ebering_ecumenical_altar_sacrificial
D:2:      layout_basic, uniq_terence
D:3:      layout_loops_ring, portal_sewer_entry_b, serial_shops, shop,
          serial_bayou_lagoon_a
D:4:      layout_basic, uniq_sigmund, uniq_grinder, uniq_menkaure
D:5:      layout_basic, serial_bayou, serial_bayou_pond_e,
          serial_bayou_crossing, serial_bayou_ford_a, serial_bayou_pond_b,
          grunt_ministairs_8, kennysheep_generic_room_10
D:6:      layout_basic, kennysheep_little_box, nicolae_sif_muna_little_library,
          mainiacjoe_overflow_24_doors
D:7:      layout_loops_ring, minmay_temple_entry_fiery
D:8:      layout_gridville, vehumet_altar_wand_db, serial_park_tiny_2,
          uniq_jeremiah
D:9:      hangedman_cross_veins, layout_stronghold, dpeg_lair_monsters,
          david_orc_4, uniq_grum
D:10:     layout_roguey, serial_shops, shop, uniq_gastronok, uniq_joseph,
          uniq_sonja
D:11:     layout_roguey, small_chamber_with_monster, uniq_urug, uniq_lodul
Temple:   nicolae_temple_no_exploring_needed

Skill      XL: |  1  2  3  4  5  6  7  8  9 |
---------------+----------------------------+-----
Short Blades   | 4 5 |  5.0
Spellcasting   | 1 2 3 4 6 |  6.2
Throwing       | 1 |  1.0
Conjurations   | 1 3 4 6 |  6.3
Ice Magic      | 1 3 4 6 |  6.3
Air Magic      | 2 3 4 6 |  6.3
Fighting       | |  3.0
Dodging        | |  2.0
Stealth        | |  6.6

Action                     |  1- 3 |  4- 6 |  7- 9 | 10-12 || total
---------------------------+-------+-------+-------+-------++-------
  Melee: Short sword       |     8 |    11 |       |       ||    19
         Constrict         |     1 |    13 |    93 |     4 ||   111
         Tentacles         |       |    19 |   125 |     2 ||   146
         Rapier            |       |    21 |       |       ||    21
         Dagger            |       |    36 |   562 |    25 ||   623
         Punch             |       |       |     7 |     1 ||     8
  Throw: Boomerang         |       |    27 |    43 |       ||    70
         Dart              |       |       |    44 |       ||    44
   Cast: Ozocubu's Armour  |       |       |    17 |     1 ||    18
  Evoke: Wand              |       |     2 |    16 |       ||    18
    Use: Potion            |     1 |     1 |     7 |     7 ||    16
         Scroll            |       |     7 |     7 |     2 ||    16
   Stab: Sleeping          |     5 |     7 |    44 |       ||    56
         Invisible         |       |       |     4 |     2 ||     6
 Armour: Skin              |     1 |       |    85 |    26 ||   112
  Dodge: Dodged            |     1 |    29 |   192 |    13 ||   235

Table legend: (Time is in decaauts)
 A = Elapsed time spent in this place.
 B = Non-inter-level travel time spent in this place.
 C = Inter-level travel time spent in this place.
 D = Time resting spent in this place.
 E = Time spent auto-exploring this place.
 F = Levels seen in this place.
 G = Mean time per level.
                   A        B        C        D        E       F      G
               +--------+--------+--------+--------+--------+-----+--------+
         Total |   9485 |   8900 |    585 |   1368 |   3998 |  13 |  729.6 |
       Dungeon |   9004 |   8419 |    585 |   1339 |   3767 |  11 |  818.5 |
        Temple |      1 |      1 |      0 |      0 |      0 |   1 |    1.0 |
         Sewer |    478 |    478 |      0 |     29 |    231 |   1 |  478.0 |
               +--------+--------+--------+--------+--------+-----+--------+

Top non-repeatable levels by time:
     D:6: 2116 daAuts
     D:5: 1764 daAuts
     D:7: 1317 daAuts
     D:4: 924 daAuts
     D:3: 858 daAuts
     D:1: 790 daAuts
     D:2: 552 daAuts
   Sewer: 478 daAuts
     D:8: 281 daAuts
     D:9: 254 daAuts
    D:10: 103 daAuts
    D:11: 42 daAuts
  Temple: 1 daAuts
